 Dungeon Crawl Stone Soup version 0.22.1-2-g9c5b331 (webtiles) character file.

73 senseless the Covered (level 4, -4/40 HPs)
             Began as a Minotaur Fighter on Nov 15, 2018.
             Slain by a scorpion (8 damage)
             ... on level 2 of the Dungeon.
             The game lasted 00:04:35 (1137 turns).

senseless the Covered (Minotaur Fighter)            Turns: 1137, Time: 00:04:36

Health: -4/40      AC:  5    Str: 21    XL:     4   Next: 8%
Magic:  3/3        EV:  8    Int:  5    God:
Gold:   104        SH:  9    Dex: 10    Spells: 3/3 levels left

rFire    + . .     SeeInvis .   a - +0 flail
rCold    . . .     Gourm    .   c - +0 shield
rNeg     . . .     Faith    .   r - +2 leather armour {rC+}
rPois    .         Spirit   .   (helmet restricted)
rElec    .         Reflect  .   p - scarf {cloud immunity}
rCorr    .         Harm     .   (no gloves)
MR       +....                  (no boots)
Stlth    +.........             (no amulet)
HPRegen  0.13/turn              i - ring of fire
MPRegen  0.08/turn              n - ring of protection from magic

@: lethally poisoned (-4 -> -9), invisible
A: retaliatory headbutt, horns 2
a: no special abilities


You were on level 2 of the Dungeon.
You were not hungry.

You visited 1 branch of the dungeon, and saw 3 of its levels.

You collected 104 gold pieces.

Inventory:

Hand Weapons
 a - a +0 flail (weapon)
Armour
 b - a +0 scale mail
 c - a +0 shield (worn)
 p - a scarf of cloud immunity (worn)
 r - a +2 leather armour of cold resistance (worn)
Jewellery
 i - a ring of fire (left hand)
 n - a ring of protection from magic (right hand)
Scrolls
 e - a scroll of noise {unknown}
 g - 3 scrolls of fog {unknown}
 h - 3 scrolls of identify {unknown}
 j - a scroll of enchant armour {unknown}
 l - a scroll of remove curse {unknown}
 m - a scroll of teleportation {unknown}
 o - a scroll of random uselessness {unknown}
Potions
 d - a potion of might
Comestibles
 f - 5 rations
 q - 2 chunks of flesh


   Skills:
 + Level 4.2 Fighting
 + Level 3.5 Maces & Flails
 + Level 4.3 Armour
 + Level 4.2 Shields


You had 3 spell levels left.
You didn't know any spells.
Your spell library was empty.

Dungeon Overview and Level Annotations

Branches:
Dungeon (3/15)

Altars:
Makhleb
Trog


Innate Abilities, Weirdness & Mutations

You reflexively headbutt those who attack you in melee.
You have a pair of horns on your head.


Message History

* * * LOW HITPOINT WARNING * * *
You climb upwards.
There is a stone staircase leading down here.
Unknown command.
You are too injured to fight recklessly!
You hit the scorpion but do no damage. Your headbutt misses the scorpion.
The scorpion is lightly wounded.
You block the scorpion's attack.
You closely miss the scorpion.
The scorpion is lightly wounded.
The scorpion stings you.
* * * LOW HITPOINT WARNING * * *
You are lethally poisoned!
The scorpion poisons you!
The scorpion stings you but does no damage.
It was a potion of invisibility.
You fade into invisibility!
* * * LOW HITPOINT WARNING * * *
You feel sick. The scorpion stings you!
You die...

.............................###.
###..####...........#............
.###......#....................##
.#######.....#..........#..##....
..# ##.##.#..........#..##.###
#.# ####.#..........##.......
#.##########.#...................
............)...........##.......
.......#######.s@.......###......
.......# ##..................
......(#######...................
########................#........
........................##.......
..#.....######..........###.##...
.###..#..## #..........# #.##...
.###......# ##........## #......
..........# ##......## ####...


You could see a scorpion.

Vanquished Creatures
  A hound (D:2)
  3 dart slugs
  3 bats (D:1)
  2 giant cockroaches
  7 goblins
  7 hobgoblins
  2 kobolds (D:1)
  A quokka (D:3)
  3 frilled lizards (D:1)
  4 rats
33 creatures vanquished.

Notes
Turn   | Place    | Note
-------+----------+-------------------------------------------
     0 | D:1      | senseless the Minotaur Fighter began the quest for the Orb.
     0 | D:1      | Reached XP level 1. HP: 19/19 MP: 0/0
   114 | D:1      | Reached XP level 2. HP: 24/27 MP: 1/1
   640 | D:2      | Reached XP level 3. HP: 32/33 MP: 2/2
   928 | D:2      | Found a bloodstained altar of Trog.
   967 | D:2      | Found a burning altar of Makhleb.
   981 | D:2      | Reached XP level 4. HP: 32/40 MP: 3/3
  1137 | D:2      | Slain by a scorpion

Skill      XL: |  1  2  3 |
---------------+----------+-----
Armour         | 4 |  4.3
Shields        | 4 |  4.2
Fighting       | 4 |  4.2
Maces & Flails | 3 |  3.5

Action                   |  1- 3 |  4- 6 || total
-------------------------+-------+-------++-------
Melee: Flail             |    84 |    19 ||   103
       Headbutt          |     7 |     2 ||     9
  Use: Potion            |       |     1 ||     1
  Eat: Chunk             |       |     1 ||     1
Armor: Scale mail        |    38 |       ||    38
       Leather armour    |       |     1 ||     1
Dodge: Dodged            |    23 |     4 ||    27
Block: Shield            |    37 |    11 ||    48
